[ AOE2 MATCH · #495982939 ]
UnrankedBurmese vs Franks
Player's team · LOSS
Rival team · WIN
[ REPLAY ANALYSIS · EXTRACTED FROM THE RECORDED GAME ]
Feudal
8:54
Castle
19:46
Imperial
35:17
| APM avg | 50.5 |
| APM peak | 81 |
| eAPM avg | 28.0 |
| Villagers / military | 230 / 51 |
Focus
⚔️ 25.8% · 🌾 74.2%
Arambai ×18 · Monk ×12 · Knight ×11 · Spearman ×5 · Scout Cavalry ×5
Feudal
8:51
Castle
21:06
Imperial
40:49
| APM avg | 80.0 |
| APM peak | 128 |
| eAPM avg | 38.0 |
| Villagers / military | 138 / 115 |
Focus
⚔️ 26.2% · 🌾 73.8%
Spearman ×56 · Knight ×30 · Battering Ram ×19 · Monk ×5 · Scout Cavalry ×5
Match map
Initial resources + every placement click. Lines = walls · curves = elevation contours. ◆ gold · ⬟ stone · ● berries · ✦ relic · ◌ wall gap
Your base· Open — opponent sealed themselves in
derekmanosalvas33's base· ✓ Closed at 21:06 · 34t walls · 1 gate(s)
Smoothed initial terrain · ◌ = detected wall gap · hover for details
Inputs per minute
— Skorpiem - - derekmanosalvas33
Build order — Skorpiem
First 150 of 456 actions detected
| 0:00 | Queue | Villager (Male) |
| 0:01 | Queue | Villager (Male) |
| 0:02 | Build | House |
| 0:02 | Build | House |
| 0:14 | Queue | Villager (Male) |
| 0:15 | Queue | Villager (Male) |
| 1:28 | Queue | Villager (Male) |
| 1:59 | Queue | Villager (Male) |
| 2:00 | Queue | Villager (Male) |
| 2:16 | Build | Lumber Camp |
| 2:27 | Queue | Villager (Male) |
| 2:53 | Queue | Villager (Male) |
| 2:53 | Queue | Villager (Male) |
| 2:53 | Queue | Villager (Male) |
| 3:02 | Build | House |
| 3:18 | Queue | Villager (Male) |
| 3:40 | Queue | Villager (Male) |
| 4:09 | Queue | Villager (Male) |
| 4:09 | Queue | Villager (Male) |
| 4:29 | Queue | Villager (Male) |
| 4:29 | Queue | Villager (Male) |
| 4:51 | Queue | Villager (Male) |
| 5:16 | Queue | Villager (Male) |
| 5:34 | Queue | Villager (Male) |
| 5:40 | Queue | Villager (Male) |
| 5:53 | Research | Loom |
| 5:56 | Build | Mill |
| 6:31 | Queue | Villager (Male) |
| 6:44 | Research | Feudal Age |
| 7:05 | Queue | Villager (Male) |
| 7:23 | Build | House |
| 7:40 | Queue | Villager (Male) |
| 7:50 | Build | Barracks |
| 8:54 | Age | Feudal Age |
| 8:58 | Build | Stable |
| 9:12 | Research | Horse Collar |
| 9:32 | Queue | Spearman |
| 9:39 | Queue | Villager (Male) |
| 9:47 | Queue | Scout Cavalry |
| 9:47 | Queue | Scout Cavalry |
| 9:52 | Build | House |
| 9:55 | Build | Palisade Wall |
| 9:59 | Queue | Villager (Male) |
| 10:00 | Build | Farm |
| 10:11 | Build | Farm |
| 10:12 | Queue | Villager (Male) |
| 10:21 | Build | Farm |
| 10:25 | Build | Farm |
| 10:46 | Queue | Villager (Male) |
| 10:47 | Build | Farm |
| 10:51 | Queue | Spearman |
| 10:52 | Queue | Scout Cavalry |
| 10:53 | Build | Farm |
| 10:54 | Build | Farm |
| 10:59 | Build | House |
| 11:00 | Build | House |
| 11:31 | Build | Farm |
| 11:31 | Build | Farm |
| 11:37 | Queue | Villager (Male) |
| 11:39 | Build | Farm |
| 11:48 | Queue | Scout Cavalry |
| 11:48 | Queue | Scout Cavalry |
| 12:01 | Queue | Villager (Male) |
| 12:04 | Build | Farm |
| 12:09 | Build | Farm |
| 12:24 | Queue | Villager (Male) |
| 12:27 | Queue | Spearman |
| 12:28 | Queue | Spearman |
| 12:44 | Build | Farm |
| 12:48 | Queue | Spearman |
| 13:02 | Build | Farm |
| 13:08 | Queue | Villager (Male) |
| 13:16 | Queue | Villager (Male) |
| 13:20 | Build | Farm |
| 13:40 | Queue | Villager (Male) |
| 13:49 | Build | Farm |
| 13:59 | Queue | Villager (Male) |
| 14:21 | Build | Farm |
| 14:27 | Build | Farm |
| 14:29 | Queue | Villager (Male) |
| 14:51 | Queue | Villager (Male) |
| 14:55 | Queue | Villager (Male) |
| 15:08 | Build | Mining Camp |
| 15:17 | Queue | Villager (Male) |
| 16:06 | Queue | Villager (Male) |
| 16:16 | Build | Blacksmith |
| 16:40 | Queue | Villager (Male) |
| 16:44 | Build | House |
| 17:05 | Research | Castle Age |
| 17:19 | Queue | Villager (Male) |
| 17:51 | Build | Stable |
| 18:11 | Queue | Villager (Male) |
| 18:16 | Research | Bloodlines |
| 18:16 | Research | Bloodlines |
| 18:19 | Research | Scale Barding Armor |
| 18:19 | Research | Scale Barding Armor |
| 18:52 | Research | Forging |
| 18:55 | Build | Palisade Wall |
| 18:57 | Build | House |
| 19:00 | Build | Palisade Wall |
| 19:46 | Age | Castle Age |
| 19:50 | Queue | Knight |
| 19:50 | Queue | Knight |
| 20:01 | Queue | Villager (Male) |
| 20:08 | Build | Town Center |
| 20:19 | Queue | Villager (Male) |
| 20:32 | Queue | Villager (Male) |
| 20:37 | Build | House |
| 20:45 | Queue | Knight |
| 20:45 | Queue | Knight |
| 20:45 | Queue | Knight |
| 20:46 | Queue | Knight |
| 21:02 | Queue | Villager (Male) |
| 21:03 | Queue | Villager (Male) |
| 21:21 | Queue | Villager (Male) |
| 21:22 | Queue | Villager (Male) |
| 21:22 | Queue | Villager (Male) |
| 21:43 | Queue | Villager (Male) |
| 21:45 | Queue | Knight |
| 21:45 | Queue | Knight |
| 21:55 | Build | Farm |
| 21:58 | Queue | Knight |
| 21:58 | Queue | Knight |
| 21:59 | Build | House |
| 22:27 | Queue | Villager (Male) |
| 22:38 | Queue | Villager (Male) |
| 22:55 | Queue | Villager (Male) |
| 22:56 | Queue | Villager (Male) |
| 23:04 | Build | Monastery |
| 23:20 | Queue | Villager (Male) |
| 23:20 | Queue | Villager (Male) |
| 23:32 | Research | Wheelbarrow |
| 23:43 | Queue | Knight |
| 23:51 | Queue | Monk |
| 23:51 | Queue | Monk |
| 24:00 | Queue | Villager (Male) |
| 24:05 | Build | Farm |
| 24:09 | Build | Farm |
| 24:09 | Queue | Villager (Male) |
| 24:21 | Build | Farm |
| 24:25 | Build | Farm |
| 24:27 | Queue | Villager (Male) |
| 24:27 | Queue | Villager (Male) |
| 24:35 | Queue | Villager (Male) |
| 24:36 | Queue | Villager (Male) |
| 25:02 | Queue | Villager (Male) |
| 25:02 | Queue | Villager (Male) |
| 25:02 | Queue | Villager (Male) |
| 25:12 | Build | House |
| 25:13 | Build | House |
Build order — derekmanosalvas33
First 150 of 462 actions detected
| 0:01 | Queue | Villager (Male) |
| 0:01 | Queue | Villager (Male) |
| 0:01 | Queue | Villager (Male) |
| 0:01 | Queue | Villager (Male) |
| 0:01 | Queue | Villager (Male) |
| 0:02 | Build | House |
| 0:04 | Build | House |
| 1:22 | Queue | Villager (Male) |
| 1:45 | Build | Lumber Camp |
| 1:58 | Queue | Villager (Male) |
| 2:21 | Queue | Villager (Male) |
| 2:49 | Queue | Villager (Male) |
| 2:49 | Queue | Villager (Male) |
| 3:05 | Queue | Villager (Male) |
| 3:33 | Build | House |
| 3:36 | Queue | Villager (Male) |
| 3:47 | Queue | Villager (Male) |
| 4:08 | Queue | Villager (Male) |
| 4:08 | Queue | Villager (Male) |
| 4:22 | Build | Mill |
| 4:30 | Queue | Villager (Male) |
| 4:30 | Queue | Villager (Male) |
| 4:52 | Queue | Villager (Male) |
| 5:42 | Queue | Villager (Male) |
| 6:01 | Queue | Villager (Male) |
| 6:10 | Research | Loom |
| 6:10 | Research | Loom |
| 6:41 | Research | Feudal Age |
| 6:41 | Research | Feudal Age |
| 7:21 | Build | House |
| 7:29 | Build | House |
| 7:45 | Queue | Villager (Male) |
| 8:08 | Build | Barracks |
| 8:11 | Build | Palisade Wall |
| 8:51 | Age | Feudal Age |
| 8:54 | Build | Stable |
| 9:04 | Queue | Villager (Male) |
| 9:08 | Research | Double-Bit Axe |
| 9:09 | Research | Double-Bit Axe |
| 9:18 | Queue | Villager (Male) |
| 9:27 | Queue | Villager (Male) |
| 9:27 | Queue | Villager (Male) |
| 9:30 | Build | Palisade Wall |
| 9:34 | Queue | Villager (Male) |
| 9:47 | Queue | Scout Cavalry |
| 9:47 | Queue | Scout Cavalry |
| 9:52 | Build | House |
| 9:57 | Queue | Villager (Male) |
| 10:19 | Queue | Villager (Male) |
| 10:30 | Build | House |
| 10:42 | Queue | Scout Cavalry |
| 10:53 | Build | House |
| 10:55 | Build | Palisade Wall |
| 11:03 | Queue | Spearman |
| 11:10 | Queue | Villager (Male) |
| 11:43 | Queue | Scout Cavalry |
| 11:44 | Queue | Villager (Male) |
| 11:54 | Queue | Villager (Male) |
| 11:57 | Queue | Spearman |
| 12:00 | Queue | Villager (Male) |
| 12:07 | Queue | Villager (Male) |
| 12:10 | Build | Farm |
| 12:10 | Build | Farm |
| 12:10 | Build | Farm |
| 12:11 | Build | Farm |
| 12:11 | Build | Farm |
| 12:27 | Queue | Villager (Male) |
| 12:48 | Queue | Villager (Male) |
| 12:52 | Queue | Spearman |
| 12:54 | Build | Farm |
| 12:54 | Build | Farm |
| 12:55 | Build | Farm |
| 13:05 | Queue | Scout Cavalry |
| 13:36 | Queue | Villager (Male) |
| 13:45 | Queue | Villager (Male) |
| 13:47 | Build | Farm |
| 13:51 | Queue | Spearman |
| 14:03 | Queue | Spearman |
| 14:21 | Queue | Spearman |
| 14:35 | Build | Farm |
| 14:54 | Queue | Villager (Male) |
| 14:57 | Build | Farm |
| 15:00 | Build | Farm |
| 15:02 | Build | Farm |
| 15:08 | Build | House |
| 15:23 | Build | Farm |
| 15:24 | Queue | Villager (Male) |
| 15:53 | Queue | Villager (Male) |
| 15:58 | Build | House |
| 16:09 | Build | Mining Camp |
| 16:27 | Build | Blacksmith |
| 16:32 | Build | Farm |
| 16:36 | Queue | Villager (Male) |
| 16:42 | Build | House |
| 16:51 | Build | Palisade Wall |
| 17:02 | Queue | Villager (Male) |
| 17:33 | Queue | Villager (Male) |
| 17:39 | Build | Market |
| 17:49 | Queue | Villager (Male) |
| 17:52 | Build | Farm |
| 18:20 | Build | Palisade Wall |
| 18:26 | Research | Castle Age |
| 18:26 | Research | Castle Age |
| 18:32 | Build | Farm |
| 18:38 | Build | Farm |
| 18:56 | Build | Palisade Wall |
| 19:29 | Research | Gold Mining |
| 19:30 | Research | Gold Mining |
| 19:41 | Queue | Spearman |
| 19:57 | Queue | Spearman |
| 20:07 | Research | Forging |
| 20:08 | Research | Forging |
| 20:22 | Build | Farm |
| 20:33 | Build | Palisade Gate |
| 20:42 | Queue | Villager (Male) |
| 20:49 | Build | Palisade Wall |
| 20:59 | Queue | Spearman |
| 21:06 | Age | Castle Age |
| 21:11 | Build | Monastery |
| 21:14 | Queue | Knight |
| 21:14 | Queue | Villager (Male) |
| 21:20 | Build | House |
| 21:20 | Build | House |
| 21:29 | Build | Town Center |
| 21:33 | Research | Pikeman (upgrade) |
| 21:37 | Build | Town Center |
| 21:48 | Build | House |
| 21:49 | Build | Palisade Wall |
| 22:00 | Queue | Villager (Male) |
| 22:06 | Queue | Monk |
| 22:10 | Queue | Villager (Male) |
| 22:10 | Queue | Villager (Male) |
| 22:21 | Build | House |
| 22:26 | Queue | Villager (Male) |
| 22:27 | Research | Wheelbarrow |
| 22:41 | Queue | Villager (Male) |
| 22:52 | Queue | Villager (Male) |
| 22:56 | Queue | Villager (Male) |
| 23:01 | Build | Farm |
| 23:02 | Build | Farm |
| 23:02 | Build | Farm |
| 23:02 | Build | Farm |
| 23:03 | Research | Bow Saw |
| 23:03 | Research | Bow Saw |
| 23:04 | Research | Bow Saw |
| 23:19 | Queue | Villager (Male) |
| 23:29 | Queue | Villager (Male) |
| 23:30 | Queue | Villager (Male) |
| 23:35 | Build | Farm |
| 23:36 | Build | Farm |
Match timeline
| 7:50 | Skorpiem · first_building Barracks |
| 8:08 | derekmanosalvas33 · first_building Barracks |
| 8:11 | derekmanosalvas33 · wall_segment Palisade Wall x1 |
| 8:51 | derekmanosalvas33 · age_up feudal |
| 8:54 | Skorpiem · age_up feudal |
| 8:54 | derekmanosalvas33 · first_building Stable |
| 8:58 | Skorpiem · first_building Stable |
| 9:30 | derekmanosalvas33 · wall_segment Palisade Wall x1 |
| 9:55 | Skorpiem · wall_segment Palisade Wall x3 |
| 10:55 | derekmanosalvas33 · wall_segment Palisade Wall x1 |
| 16:51 | derekmanosalvas33 · wall_segment Palisade Wall x1 |
| 18:20 | derekmanosalvas33 · wall_segment Palisade Wall x25 |
| 18:55 | Skorpiem · wall_segment Palisade Wall x1 |
| 18:56 | derekmanosalvas33 · wall_segment Palisade Wall x5 |
| 19:00 | Skorpiem · wall_segment Palisade Wall x3 |
| 19:46 | Skorpiem · age_up castle |
| 20:49 | derekmanosalvas33 · wall_segment Palisade Wall x1 |
| 21:06 | derekmanosalvas33 · age_up castle |
| 21:11 | derekmanosalvas33 · first_building Monastery |
| 21:49 | derekmanosalvas33 · wall_segment Palisade Wall x1 |
| 22:04 | derekmanosalvas33 · first_market_sell 100 food |
| 23:04 | Skorpiem · first_building Monastery |
| 27:06 | derekmanosalvas33 · wall_segment Palisade Wall x1 |
| 28:07 | derekmanosalvas33 · first_market_buy 100 stone |
| 28:13 | Skorpiem · first_market_buy 100 food |
| 28:53 | derekmanosalvas33 · wall_segment Palisade Wall x9 |
| 30:01 | derekmanosalvas33 · first_building Siege Workshop |
| 34:54 | Skorpiem · first_building Castle |
| 35:17 | Skorpiem · age_up imperial |
| 35:42 | derekmanosalvas33 · first_building Castle |
| 40:49 | derekmanosalvas33 · age_up imperial |
| 43:01 | Skorpiem · first_building Archery Range |
| 43:47 | Skorpiem · resign |
[ AI ANALYSIS · 1 CREDIT ]
What really happened in this match?
Wolo.gg analyzes every decision: build order, eco, micro, common mistakes by bracket. Personalized analysis on WhatsApp or Discord in 30 seconds.
Civ guide
Burmese
Perfil
Skorpiem